 Dungeon Crawl Stone Soup version 0.21.1-1-g345015fe64 (console) character file.

38 RevoltPassionFreedom the Chopper (level 3, -3/33 HPs)
             Began as a Hill Orc Monk on June 11, 2018.
             Slain by an orc
             ... wielding a +0 hand axe
              (5 damage)
             ... on level 3 of the Dungeon.
             The game lasted 00:06:37 (1650 turns).

RevoltPassionFreedom the Chopper (Hill Orc Monk)    Turns: 1650, Time: 00:06:37

Health: -3/33      AC:  2    Str: 14    XL:     3   Next: 43%
Magic:  3/3        EV: 18    Int: 10    God:
Gold:   99         SH:  0    Dex: 18    Spells: 2/2 levels left

rFire    . . .     SeeInvis .   a - +0 hand axe
rCold    . . .     Gourm    .   (no shield)
rNeg     . . .     Faith    .   b - +0 robe
rPois    .         Spirit   .   (no helmet)
rElec    .         Reflect  .   (no cloak)
rCorr    .         Harm     .   (no gloves)
MR       .....                  (no boots)
Stlth    +++.......             (no amulet)
HPRegen  0.11/turn              (no ring)
MPRegen  0.08/turn              (no ring)

@: agile, lethally poisoned (-3 -> -10), hasted, very quick
A: no striking features
a: no special abilities


You were on level 3 of the Dungeon.
You were not hungry.

You visited 1 branch of the dungeon, and saw 3 of its levels.

You collected 99 gold pieces.


   Skills:
 + Level 4.0 Fighting
 * Level 5.1 Axes
 + Level 1.3 Armour
 - Level 2.4 Dodging
 - Level 1.5 Stealth


You had 2 spell levels left.
You didn't know any spells.

Inventory:

Hand Weapons
 a - a +0 hand axe (weapon)
Missiles
 i - 5 stones (quivered)
Armour
 b - a +0 robe (worn)
Jewellery
 j - an uncursed ring of protection from fire {unknown}
 m - an uncursed ring of see invisible {unknown}
Scrolls
 d - 2 scrolls of immolation {unknown}
 k - a scroll of teleportation {@r4}
Potions
 e - a potion of haste {@q3}
 g - 2 potions of agility
Comestibles
 c - 4 rations {@e1}
 h - a chunk of flesh

Dungeon Overview and Level Annotations

Branches:
Dungeon (3/15)

Altars:
Fedhas
Nemelex Xobeh
Qazlal
Sif Muna
Xom
Yredelemnul

Annotations:
D:1 exclusion: downstairs
D:2 Ogre, exclusion: upstairs

! ..$# ....
.... .... .
####.....
##........
##.........
#...S......
#..........
#g.r.......
#.o.....%..
#@a........
##.........
#..........
#..........
#........b.
#..$.......
#..........
##........#


You could see a worker ant, an adder, an orc, a hobgoblin and a rat.


Message History

An adder comes into view.
You closely miss the worker ant.
The worker ant is severely wounded.
You completely miss the bat. You hit the bat.
You kill the bat!
The bat closely misses you. x2; The worker ant barely misses you.
You hit the worker ant but do no damage.
The worker ant is severely wounded.
You hit the bat. You hit the orc. The bat hits you but does no damage.
The worker ant bites you.
* * * LOW HITPOINT WARNING * * *
You are lethally poisoned!
The worker ant poisons you! The bat closely misses you.
A rat comes into view.
Okay, then.
You barely miss the worker ant.
The worker ant is severely wounded.
You closely miss the bat. You closely miss the orc.
* * * LOW HITPOINT WARNING * * *
You feel sick. The bat closely misses you. The orc hits you with a hand axe.
* * * LOW HITPOINT WARNING * * *
The bat hits you.
* * * LOW HITPOINT WARNING * * *
The rat moves out of view.
The worker ant misses you.
You hit the worker ant.
The worker ant is almost dead.
You hit the orc. You hit the bat.
You kill the bat!
* * * LOW HITPOINT WARNING * * *
You feel sick. The orc hits you with a hand axe.
You die...

Skill      XL: |  1  2  3 |
---------------+----------+-----
Armour         | 1 |  1.3
Fighting       | 4 |  4.0
Axes           | 5 |  5.1
Dodging        | |  2.4
Stealth        | |  1.5

Action                   || total
-------------------------++-------
Melee: Hand axe          ||   112
  Use: Scroll            ||     3
       Potion            ||     3
 Stab: Sleeping          ||     3
  Eat: Chunk             ||     2
Armor: Robe              ||    28
Dodge: Dodged            ||   131

Vault maps used:
D:1:      minmay_arrival_jagged, kennysheep_crisscross
D:2:      grunt_temple_overflow_order_and_chaos_2, overflow_temple_1_default,
          chequers_temple_overflow_minitemple
D:3:      cheibrodos_pilgrimage, first_ration, okawaru_gym_becter

Notes
Turn   | Place    | Note
-------+----------+-------------------------------------------
     0 | D:1      | RevoltPassionFreedom the Hill Orc Monk began the quest for the Orb.
     0 | D:1      | Reached XP level 1. HP: 19/19 MP: 1/1
   474 | D:1      | Reached XP level 2. HP: 27/27 MP: 2/2
  1065 | D:2      | Reached skill level 1 in Armour
  1089 | D:2      | Noticed an ogre
  1177 | D:2      | Found a basalt altar of Yredelemnul.
  1266 | D:2      | Reached skill level 4 in Fighting
  1266 | D:2      | Reached XP level 3. HP: 24/33 MP: 3/3
  1479 | D:2      | Found a sparkling altar of Nemelex Xobeh.
  1479 | D:2      | Found a shimmering altar of Xom.
  1484 | D:2      | Found a deep blue altar of Sif Muna.
  1486 | D:2      | Found a blossoming altar of Fedhas.
  1488 | D:2      | Found a stormy altar of Qazlal.
  1588 | D:3      | Reached skill level 5 in Axes
  1642 | D:3      | HP: 3/33 [worker ant (4)]
  1649 | D:3      | HP: 3/33 [bat (1)]
  1650 | D:3      | Slain by an orc

Vanquished Creatures
  An ooze (D:2)
  A worm (D:2)
  A leopard gecko (D:3)
  A giant cockroach (D:1)
  4 hobgoblins
  6 kobolds
  4 bats
  4 frilled lizards
  5 goblins
  5 rats
32 creatures vanquished.

Table legend:
 A = Turns spent in this place as a percentage of turns spent in the entire game.
 B = Non-inter-level travel turns spent in this place as a percentage of non-inter-level travel turns spent in the entire game.
 C = Inter-level travel turns spent in this place as a percentage of turns spent in this place.
 D = Turns resting spent in this place as a percentage of non-inter-level travel turns spent in this place.
 E = Turns spent auto-exploring this place as a percentage of non-inter-level travel turns spent in this place.
 F = Non-inter-level travel turns spent in this place divided by the number of levels of this place that you've seen.
                   A       B       C       D       E      F
               +-------+-------+-------+-------+-------+----------------------
         Total | 100.0 | 100.0 |   6.2 |  19.0 |  54.4 | 515.7
       Dungeon | 100.0 | 100.0 |   6.2 |  19.0 |  54.4 | 515.7
               +-------+-------+-------+-------+-------+----------------------

Table legend:
 A = Spawn XP
 B = Non-spawn XP
 C = Spawn XP percentage of total XP
 D = Spawn monster count
 E = Non-spawn monster count
 F = Spawn count percentage of total count
 G = Total turns spent on level
                    A         B        C        D         E        F      G
               +---------+---------+-------+---------+---------+-------+---------
         Total |       0 |      55 |   0.0 |       0 |      32 |   0.0 |  1650
               +---------+---------+-------+---------+---------+-------+---------
           D:1 |       0 |      18 |   0.0 |       0 |      13 |   0.0 |  1054
           D:2 |       0 |      28 |   0.0 |       0 |      14 |   0.0 |   528
           D:3 |       0 |       9 |   0.0 |       0 |       5 |   0.0 |    68
               +---------+---------+-------+---------+---------+-------+---------
